[Event "EYCC Girls-U10 2019"]
[Site "Bratislava"]
[Date "2019.08.02"]
[Round "1.1"]
[White "Shukhman, Anna"]
[Black "Buchtova, Viktorie"]
[Result "1-0"]
[ECO "C66"]
[WhiteElo "1806"]
[BlackElo "1228"]
[Annotator "NA"]
[PlyCount "67"]
[EventDate "2019.08.02"]
[EventType "swiss"]
[EventCountry "SVK"]
[SourceTitle "playchess.com"]
[Source "ChessBase"]
[SourceQuality "1"]
[TimeControl "40/5400+30:1800+30"]

1. e4 e5 2. Nf3 Nc6 3. Bb5 Nf6 4. O-O d6 5. d4 Bd7 6. Nc3 Be7 7. d5 Nb8 8. Qe2 O-O 9. Bxd7 Nbxd7 10. Nh4 Nc5 11. Nf5 Re8 12. Qf3 Bf8 13. Bg5 h6 14. Nxh6+ gxh6 15. Bxf6 Qc8 16. Qg3+ Kh7 17. f4 Nd7 18. fxe5 dxe5 19. Bh4 Bc5+ 20. Kh1 Rf8 21. Rf5 Qe8 22. Raf1 a5 23. Qh3 Ra6 24. Nb5 Rg6 25. Nxc7 Qc8 26. Rxf7+ Kg8 27. Qf5 Rg7 28. Rxg7+ Kxg7 29. Ne6+ Kg8 30. Qg6+ Kh8 31. Nxf8 Bxf8 32. Rf7 Nf6 33. Bxf6+ Bg7 34. Qxg7# 1-0

[Event "EYCC Girls-U10 2019"]
[Site "Bratislava"]
[Date "2019.08.02"]
[Round "1.2"]
[White "Toth, Timea"]
[Black "Stoll, Lucia"]
[Result "0-1"]
[ECO "A13"]
[WhiteElo "1964"]
[BlackElo "1403"]
[Annotator "NA"]
[PlyCount "74"]
[EventDate "2019.08.02"]
[EventType "swiss"]
[EventCountry "SVK"]
[SourceTitle "playchess.com"]
[Source "ChessBase"]
[SourceQuality "1"]
[TimeControl "40/5400+30:1800+30"]

1. c4 e6 2. Nc3 d5 3. cxd5 exd5 4. d4 Nf6 5. Bf4 Be7 6. Nf3 O-O 7. e3 c6 8. Bd3 Bg4 9. h3 Bh5 10. O-O Nbd7 11. Be2 Nb6 12. Ne5 Bxe2 13. Qxe2 Bb4 14. Bg5 Qd6 15. Bxf6 Qxf6 16. a3 Bxc3 17. bxc3 Qe7 18. Qc2 f6 19. Nf3 Nc4 20. Qc1 a5 21. Nd2 Nd6 22. c4 dxc4 23. Nxc4 a4 24. Nxd6 Qxd6 25. Qc4+ Kh8 26. Rfc1 Ra6 27. Qc5 Rd8 28. Rab1 b5 29. Rd1 Kg8 30. e4 Qxc5 31. dxc5 Raa8 32. f3 Kf7 33. Kf2 Ke6 34. Ke3 Rab8 35. Rb4 Rxd1 36. Rd4 Rd8 37. Rxd8 Rxd8 0-1

[Event "EYCC Girls-U10 2019"]
[Site "Bratislava"]
[Date "2019.08.02"]
[Round "1.3"]
[White "Smietanska, Wiktoria"]
[Black "Briem, Gudrun Fanney"]
[Result "1-0"]
[ECO "A27"]
[WhiteElo "1547"]
[BlackElo "1199"]
[Annotator "NA"]
[PlyCount "63"]
[EventDate "2019.08.02"]
[EventType "swiss"]
[EventCountry "SVK"]
[SourceTitle "playchess.com"]
[Source "ChessBase"]
[SourceQuality "1"]
[TimeControl "40/5400+30:1800+30"]

1. c4 e5 2. Nc3 Nc6 3. Nf3 f5 4. d3 Nf6 5. g3 Bb4 6. Qb3 Bxc3+ 7. Qxc3 d6 8. Bg2 O-O 9. O-O Qe8 10. Rb1 Qh5 11. b4 h6 12. b5 Ne7 13. c5 g5 14. Ba3 f4 15. cxd6 Ned5 16. Qb3 Be6 17. dxc7 Nxc7 18. Qc3 Rf7 19. Nxe5 Rg7 20. Rb2 Rc8 21. Qd4 Ng4 22. Nxg4 Qxg4 23. Rc1 Nxb5 24. Rxc8+ Bxc8 25. Qd8+ Kh7 26. Rxb5 h5 27. Be4+ Rg6 28. Qe7+ Kh6 29. Qf8+ Kh7 30. Qf7+ Kh8 31. Bb2+ Rg7 32. Qxg7# 1-0

[Event "EYCC Girls-U10 2019"]
[Site "Bratislava"]
[Date "2019.08.02"]
[Round "1.4"]
[White "Mkrtchyan, Anahit H."]
[Black "Fedorova, Olesya"]
[Result "1-0"]
[ECO "B30"]
[WhiteElo "1155"]
[BlackElo "1516"]
[Annotator "NA"]
[PlyCount "88"]
[EventDate "2019.08.02"]
[EventType "swiss"]
[EventCountry "SVK"]
[SourceTitle "playchess.com"]
[Source "ChessBase"]
[SourceQuality "1"]
[TimeControl "40/5400+30:1800+30"]

1. e4 c5 2. Nf3 Nc6 3. Bb5 Nf6 4. e5 Nd5 5. c3 g6 6. d4 cxd4 7. Qb3 Nb6 8. cxd4 Bg7 9. Bf4 Na5 10. Qd1 Nd5 11. Qd2 Qb6 12. Na3 a6 13. Bc4 Nxf4 14. Qxf4 Nxc4 15. Nxc4 Qb4+ 16. Nfd2 O-O 17. a3 Qb5 18. O-O f6 19. Qe3 fxe5 20. dxe5 Qc6 21. Qb3 Qe6 22. Nb6 Qxb3 23. Nxb3 Rb8 24. Nc5 Rd8 25. Rad1 d6 26. e6 Bxb2 27. Rd3 Bg7 28. Re1 Bc3 29. Re2 Ba5 30. Rb2 Re8 31. Ncd7 Bxd7 32. Nxd7 Rbc8 33. Kf1 b5 34. Rf3 Rc1+ 35. Ke2 Re1+ 36. Kd3 Rxe6 37. Re2 Rxe2 38. Kxe2 Rd8 39. Nf6+ exf6 40. Rxf6 Kg7 41. Re6 Kf7 42. Re4 Re8 43. Kd3 Rxe4 44. Kxe4 Ke6 1-0

[Event "EYCC Girls-U10 2019"]
[Site "Bratislava"]
[Date "2019.08.02"]
[Round "1.5"]
[White "Sidorenja, Milena"]
[Black "Sekova, Olivia"]
[Result "1-0"]
[ECO "B21"]
[WhiteElo "1573"]
[BlackElo "1193"]
[Annotator "NA"]
[PlyCount "58"]
[EventDate "2019.08.02"]
[EventType "swiss"]
[EventCountry "SVK"]
[SourceTitle "playchess.com"]
[Source "ChessBase"]
[SourceQuality "1"]
[TimeControl "40/5400+30:1800+30"]

1. e4 c5 2. d4 cxd4 3. c3 d3 4. Bxd3 g6 5. c4 Bg7 6. Nc3 Nc6 7. Nf3 Nf6 8. O-O O-O 9. Qe2 d6 10. Rd1 Bd7 11. h3 Rc8 12. Bf4 Qa5 13. a3 Nh5 14. Bd2 Qb6 15. Be3 Nd4 16. Nxd4 Bxd4 17. Nd5 Qxb2 18. Bxd4 Qxd4 19. Nxe7+ Kh8 20. Nxc8 Rxc8 21. Qf3 Be6 22. Be2 Qe5 23. Rab1 Nf4 24. Bf1 Bxc4 25. g3 Ne6 26. Bxc4 Rxc4 27. Qxf7 Rxe4 28. Rxb7 Re1+ 29. Kh2 Qg7 1-0

[Event "EYCC Girls-U10 2019"]
[Site "Bratislava"]
[Date "2019.08.02"]
[Round "1.6"]
[White "Shatil, Or"]
[Black "Pavesi, Bianca"]
[Result "1-0"]
[ECO "B13"]
[WhiteElo "1185"]
[BlackElo "1537"]
[Annotator "NA"]
[PlyCount "75"]
[EventDate "2019.08.02"]
[EventType "swiss"]
[EventCountry "SVK"]
[SourceTitle "playchess.com"]
[Source "ChessBase"]
[SourceQuality "1"]
[TimeControl "40/5400+30:1800+30"]

1. e4 c6 2. d4 d5 3. exd5 cxd5 4. Bd3 Nc6 5. c3 Nf6 6. Bf4 Bg4 7. Qb3 Qc8 8. Nd2 e6 9. Ngf3 Be7 10. O-O O-O 11. Ne5 Bh5 12. Qc2 Bg6 13. Nxg6 hxg6 14. Nf3 Rd8 15. Ne5 Nh5 16. Be3 Nf6 17. Bf4 Bd6 18. Nxc6 bxc6 19. Bxd6 Rxd6 20. Rae1 Qc7 21. Re2 Rc8 22. Rfe1 c5 23. dxc5 Qxc5 24. Qa4 Qc7 25. Qh4 Rb6 26. Re3 Rxb2 27. Rh3 Kf8 28. Qh8+ Ke7 29. Qxg7 Rg8 30. Qh6 Qxc3 31. Rc1 Qa5 32. Qf4 Nd7 33. Qg5+ f6 34. Rh7+ Kd8 35. Qe3 Qd2 36. Rxd7+ Kxd7 37. Qxa7+ Kd6 38. Qc7# 1-0

[Event "EYCC Girls-U10 2019"]
[Site "Bratislava"]
[Date "2019.08.02"]
[Round "1.7"]
[White "Toth, Lili"]
[Black "Bendik, Margarita"]
[Result "0-1"]
[ECO "D15"]
[WhiteElo "2199"]
[BlackElo "1188"]
[Annotator "NA"]
[PlyCount "116"]
[EventDate "2019.08.02"]
[EventType "swiss"]
[EventCountry "SVK"]
[SourceTitle "playchess.com"]
[Source "ChessBase"]
[SourceQuality "1"]
[TimeControl "40/5400+30:1800+30"]

1. d4 d5 2. c4 c6 3. Nf3 Nf6 4. Nc3 a6 5. a4 e6 6. e3 Bb4 7. Bd2 O-O 8. Bd3 dxc4 9. Bxc4 Nbd7 10. O-O Nb6 11. Bb3 a5 12. Qc2 Bd7 13. e4 Rc8 14. Qd3 Qe7 15. Rac1 Rfd8 16. Qe2 c5 17. dxc5 Bxc5 18. Be3 Bxe3 19. Qxe3 Nc4 20. Bxc4 Rxc4 21. b3 Rb4 22. Rb1 Bc6 23. e5 Ng4 24. Qe2 Bxf3 25. Qxf3 Nxe5 26. Qe2 Ng6 27. Nb5 Nf4 28. Qe3 h6 29. Qa7 Nd5 30. Qxa5 Qf8 31. Qa7 Qe7 32. f3 b6 33. Qxe7 Nxe7 34. Rb2 Rd3 35. Rfb1 Nc6 36. Kf2 Na5 37. Ke2 Rdxb3 38. Rxb3 Rxb3 39. Rxb3 Nxb3 40. Nc3 Kf8 41. Kd3 Ke7 42. Kc4 Nc5 43. Kb5 Nd7 44. Kc6 f5 45. f4 g5 46. g3 gxf4 47. gxf4 e5 48. fxe5 Ke6 49. Kc7 f4 50. Nd1 Nc5 51. Kxb6 Nxa4+ 52. Kb5 Kxe5 53. Kxa4 Kd4 54. Kb3 Kd3 55. Nf2+ Ke2 56. Ng4 h5 57. Ne5 f3 58. Nxf3 Kxf3 0-1

[Event "EYCC Girls-U10 2019"]
[Site "Bratislava"]
[Date "2019.08.02"]
[Round "1.8"]
[White "Gretic, Tina"]
[Black "Kirtadze, Anastasia"]
[Result "0-1"]
[ECO "C01"]
[WhiteElo "1188"]
[BlackElo "1532"]
[Annotator "NA"]
[PlyCount "122"]
[EventDate "2019.08.02"]
[EventType "swiss"]
[EventCountry "SVK"]
[SourceTitle "playchess.com"]
[Source "ChessBase"]
[SourceQuality "1"]
[TimeControl "40/5400+30:1800+30"]

1. e4 e6 2. d4 d5 3. exd5 exd5 4. Bd3 Bd6 5. Nf3 Ne7 6. Be3 O-O 7. O-O h6 8. Qd2 Bf5 9. Nc3 c6 10. Rfe1 Qc7 11. h3 Nd7 12. Bxf5 Nxf5 13. Qd3 g6 14. a3 Rfe8 15. Qd2 Kg7 16. Rad1 Nf6 17. Qd3 Ne4 18. Nd2 Nxc3 19. Qxc3 Re7 20. Nf3 Rae8 21. Qd3 Nxe3 22. Rxe3 Rxe3 23. fxe3 Bg3 24. Rd2 f5 25. Re2 Qe7 26. Kf1 Rf8 27. c4 Qe4 28. Rd2 Qxd3+ 29. Rxd3 dxc4 30. Rc3 b5 31. b3 cxb3 32. Rxb3 Re8 33. Rc3 Re6 34. Nd2 Bc7 35. d5 Ba5 36. Rxc6 Rxc6 37. dxc6 Kf6 38. Nb3 Bb6 39. Nd4 a6 40. Ke2 Ke7 41. Kd3 Kd6 42. Kc3 Bxd4+ 43. exd4 Kxc6 44. Kb4 Kb6 45. d5 a5+ 46. Kc3 Kc5 47. d6 Kxd6 48. Kd4 g5 49. g3 h5 50. Kd3 Kd5 51. Ke3 b4 52. axb4 axb4 53. Kd3 f4 54. gxf4 gxf4 55. Kd2 Kd4 56. Kc2 f3 57. Kd1 Kd3 58. Ke1 b3 59. Kd1 b2 60. Ke1 Ke3 61. Kf1 b1=Q# 0-1

[Event "EYCC Girls-U10 2019"]
[Site "Bratislava"]
[Date "2019.08.02"]
[Round "1.9"]
[White "Arzur, Maia"]
[Black "Bursali, Ela"]
[Result "0-1"]
[ECO "C54"]
[WhiteElo "1507"]
[BlackElo "1197"]
[Annotator "NA"]
[PlyCount "120"]
[EventDate "2019.08.02"]
[EventType "swiss"]
[EventCountry "SVK"]
[SourceTitle "playchess.com"]
[Source "ChessBase"]
[SourceQuality "1"]
[TimeControl "40/5400+30:1800+30"]

1. e4 e5 2. Nf3 Nc6 3. Bc4 Bc5 4. c3 Nf6 5. d3 h6 6. Bb3 d6 7. Nbd2 a6 8. O-O O-O 9. h3 Ne7 10. Re1 Ng6 11. Nf1 Be6 12. Ng3 Ba7 13. Be3 c6 14. Bxa7 Rxa7 15. d4 Ra8 16. Bxe6 fxe6 17. Qb3 Qe7 18. Rad1 exd4 19. cxd4 Qf7 20. Rd3 d5 21. e5 Nh7 22. Qc2 Nf4 23. Rb3 Rab8 24. Ree3 Qe7 25. Qd2 Rf7 26. Qd1 Rbf8 27. Ne2 Nxe2+ 28. Qxe2 Rf4 29. Qd1 R8f7 30. a4 Ng5 31. Nxg5 Qxg5 32. f3 Qg3 33. Qe1 Qxe1+ 34. Rxe1 Rxd4 35. Ra3 Rb4 36. Re2 Rff4 37. g3 Rfd4 38. Kf2 Rxa4 39. Rb3 Rdb4 40. Rc3 Ra2 41. Rcc2 Rb3 42. Red2 Kf7 43. f4 g6 44. Kg2 Ke7 45. g4 a5 46. h4 h5 47. g5 a4 48. Kg1 Rh3 49. Rh2 Rxh2 50. Rxh2 a3 51. bxa3 Rxa3 52. Rb2 b5 53. Kg2 Ra6 54. Kf3 Rb6 55. Ke3 Ra6 56. Kf2 Ra4 57. Kf3 b4 58. Ke3 c5 59. Rc2 Ra3+ 60. Kd2 c4 {Ke3} 0-1

[Event "EYCC Girls-U10 2019"]
[Site "Bratislava"]
[Date "2019.08.02"]
[Round "1.10"]
[White "Mihaeli, Shira"]
[Black "Bagas, Ana"]
[Result "0-1"]
[ECO "C00"]
[WhiteElo "1172"]
[BlackElo "1442"]
[Annotator "NA"]
[PlyCount "102"]
[EventDate "2019.08.02"]
[EventType "swiss"]
[EventCountry "SVK"]
[SourceTitle "playchess.com"]
[Source "ChessBase"]
[SourceQuality "1"]
[TimeControl "40/5400+30:1800+30"]

1. e4 e6 2. d4 d5 3. Bd3 Nc6 4. Nf3 Nge7 5. Bf4 Ng6 6. Bg3 Be7 7. Qe2 O-O 8. O-O dxe4 9. Qxe4 f5 10. Qe2 f4 11. Bxg6 hxg6 12. d5 exd5 13. Ne5 Nxe5 14. Bxf4 Rxf4 15. Qxe5 Rf5 16. Qd4 Bf6 17. Qb4 Qd6 18. Qb5 Qc6 19. Qb3 Qb6 20. Qxb6 axb6 21. c3 d4 22. cxd4 Bxd4 23. a3 Bxb2 24. Ra2 Rb5 25. Nd2 Be6 26. a4 Rb4 27. Rxb2 Rxb2 28. Nf3 Rxa4 29. Ng5 Bd5 30. Rd1 Rab4 31. h3 Rb1 32. Rxb1 Rxb1+ 33. Kh2 c5 34. h4 c4 35. Nh3 c3 36. Nf4 c2 37. Ne2 Bc4 38. Nc3 c1=Q 39. Nxb1 Qxb1 40. h5 gxh5 41. g4 Qc2 42. Kg3 hxg4 43. f3 gxf3 44. Kxf3 Qe2+ 45. Kg3 b5 46. Kf4 b4 47. Kg3 b3 48. Kf4 b2 49. Kg3 b1=Q 50. Kh3 Qg1 51. Kh4 Qeh2# 0-1

[Event "EYCC Girls-U10 2019"]
[Site "Bratislava"]
[Date "2019.08.03"]
[Round "2.1"]
[White "Zavivaeva, Evelina"]
[Black "Shukhman, Anna"]
[Result "1/2-1/2"]
[ECO "B40"]
[WhiteElo "1302"]
[BlackElo "1806"]
[Annotator "NA"]
[PlyCount "152"]
[EventDate "2019.08.02"]
[EventType "swiss"]
[EventCountry "SVK"]
[SourceTitle "playchess.com"]
[Source "ChessBase"]
[SourceQuality "1"]
[TimeControl "40/5400+30:1800+30"]

1. e4 c5 2. Nf3 e6 3. c3 d5 4. exd5 exd5 5. d4 Nf6 6. Bb5+ Nc6 7. O-O Bd6 8. dxc5 Bxc5 9. Re1+ Be6 10. Nbd2 O-O 11. Nb3 Bd6 12. Bg5 Be7 13. Nbd4 Nxd4 14. Nxd4 Qd6 15. Bh4 a6 16. Bd3 Rae8 17. Bf5 Bd8 18. Bxf6 Bxf6 19. Bc2 Bd7 20. Qd2 Be5 21. Nf3 Bf4 22. Qd3 g6 23. Bb3 Bc6 24. Rad1 Rd8 25. g3 Bh6 26. c4 d4 27. Qxd4 Qb4 28. Qf6 Bg7 29. Qf4 Rde8 30. Rxe8 Rxe8 31. Qd2 Qb6 32. Qf4 Qa5 33. c5 Re7 34. Qd6 Bf8 35. Ne5 Be8 36. Kg2 Qb4 37. Rd4 Qe1 38. Nf3 Qb1 39. Rb4 Bc6 40. Qf6 Qe1 41. Rf4 Bg7 42. Qxc6 bxc6 43. Nxe1 Rxe1 44. Bxf7+ Kh8 45. b4 Bc3 46. Bb3 a5 47. bxa5 Bxa5 48. Ra4 Bd2 49. Ra6 Bb4 50. Rxc6 Re5 51. Rc8+ Kg7 52. c6 Rc5 53. Be6 Ba5 54. Bd7 Rc2 55. Kf1 Bb6 56. Ke1 Rxa2 57. Rb8 Ba5+ 58. Kf1 Rc2 59. h4 Kf6 60. Rh8 Kg7 61. Re8 Bb6 62. Re2 Rc1+ 63. Kg2 Rc3 64. Rb2 Ba5 65. Re2 Kf6 66. Re6+ Kf7 67. Re3 Rxe3 68. fxe3 Kf6 69. Kf3 Bc7 70. Kg4 h6 71. e4 Bd6 72. h5 gxh5+ 73. Kxh5 Bxg3 74. Kxh6 Bc7 75. Bf5 Ke5 76. Kg6 Kd6 1/2-1/2

[Event "EYCC Girls-U10 2019"]
[Site "Bratislava"]
[Date "2019.08.03"]
[Round "2.2"]
[White "Stoll, Lucia"]
[Black "Salmina, Veronika"]
[Result "1-0"]
[ECO "B30"]
[WhiteElo "1403"]
[BlackElo "1335"]
[Annotator "NA"]
[PlyCount "115"]
[EventDate "2019.08.02"]
[EventType "swiss"]
[EventCountry "SVK"]
[SourceTitle "playchess.com"]
[Source "ChessBase"]
[SourceQuality "1"]
[TimeControl "40/5400+30:1800+30"]

1. e4 c5 2. Nf3 Nc6 3. Bb5 e6 4. c3 Nge7 5. O-O a6 6. Ba4 b5 7. Bc2 Bb7 8. d4 cxd4 9. cxd4 d5 10. e5 Rc8 11. Nbd2 Qc7 12. Nb3 Nxe5 13. Nc5 Nxf3+ 14. Qxf3 Nc6 15. Nb3 Bd6 16. h3 a5 17. Be3 a4 18. Nd2 Nxd4 19. Bxd4 Qxc2 20. Bxg7 Rg8 21. Bc3 b4 22. Rac1 Qg6 23. Bd4 Kd7 24. g3 f5 25. Be3 Bc6 26. Rfe1 d4 27. Rxc6 Rxc6 28. Bxd4 h5 29. Qd3 Kc7 30. Nc4 f4 31. Qxg6 Rxg6 32. Ne5 Bxe5 33. Bxe5+ Kb6 34. Bxf4 Rc2 35. Be5 a3 36. bxa3 bxa3 37. Re3 Rxa2 38. Bd6 Rf6 39. f4 Ra1+ 40. Kf2 Ra2+ 41. Kg1 Kc6 42. Bxa3 Kb5 43. Re5+ Kc4 44. Be7 Rg6 45. Rg5 Rxg5 46. fxg5 e5 47. g6 Ra6 48. g7 Rg6 49. Bf6 e4 50. Be5 Kd3 51. Kf2 Kd2 52. Bf4+ Kd1 53. Bh6 Rf6+ 54. Ke3 Rf3+ 55. Kxe4 Rxg3 56. Kf5 Ke2 57. Bg5 Rf3+ 58. Kg6 1-0

[Event "EYCC Girls-U10 2019"]
[Site "Bratislava"]
[Date "2019.08.03"]
[Round "2.3"]
[White "Haasova, Timea"]
[Black "Smietanska, Wiktoria"]
[Result "0-1"]
[ECO "A04"]
[WhiteElo "1287"]
[BlackElo "1547"]
[Annotator "NA"]
[PlyCount "102"]
[EventDate "2019.08.02"]
[EventType "swiss"]
[EventCountry "SVK"]
[SourceTitle "playchess.com"]
[Source "ChessBase"]
[SourceQuality "1"]
[TimeControl "40/5400+30:1800+30"]

1. Nf3 c5 2. e3 Nf6 3. d4 cxd4 4. exd4 d5 5. Bd3 Bg4 6. h3 Bh5 7. O-O e6 8. Bf4 Bd6 9. Bxd6 Qxd6 10. Nbd2 O-O 11. c3 Nbd7 12. Qc2 Bxf3 13. Nxf3 Rfc8 14. Rac1 a6 15. Rfe1 b5 16. a3 Rab8 17. Qd2 a5 18. Ne5 Rc7 19. Nxd7 Qxd7 20. Rc2 Rcb7 21. Qc1 Qd6 22. Kh1 Nh5 23. Re5 Nf6 24. Qg5 b4 25. cxb4 axb4 26. a4 h6 27. Qc1 Rd8 28. b3 Qb6 29. Qf4 Rc7 30. Rxc7 Qxc7 31. Qd2 Qb6 32. Qb2 Rc8 33. Re2 Rc3 34. Bb1 Qxd4 35. Rc2 Ne4 36. f3 Ng3+ 37. Kh2 Nf1+ 38. Kh1 Qe5 39. Kg1 Ne3 40. Rxc3 bxc3 41. Qe2 Qd4 42. Kh2 Qd2 43. Bd3 Qxe2 44. Bxe2 c2 45. a5 c1=Q 46. a6 Qa3 47. Kg3 e5 48. Bb5 Qa2 49. Kh4 Qxg2 50. f4 Nf5+ 51. Kh5 g6# 0-1

[Event "EYCC Girls-U10 2019"]
[Site "Bratislava"]
[Date "2019.08.03"]
[Round "2.4"]
[White "Fedorova, Olesya"]
[Black "Trunz, Tamila"]
[Result "1-0"]
[ECO "C64"]
[WhiteElo "1516"]
[BlackElo "1272"]
[Annotator "NA"]
[PlyCount "61"]
[EventDate "2019.08.02"]
[EventType "swiss"]
[EventCountry "SVK"]
[SourceTitle "playchess.com"]
[Source "ChessBase"]
[SourceQuality "1"]
[TimeControl "40/5400+30:1800+30"]

1. e4 e5 2. Nf3 Nc6 3. Bb5 Bc5 4. O-O d6 5. c3 Bg4 6. Bxc6+ bxc6 7. h3 Bh5 8. d3 Ne7 9. Be3 Bb6 10. Nbd2 O-O 11. d4 f5 12. dxe5 fxe4 13. Qb3+ Kh8 14. Ng5 Bxe3 15. fxe3 Rxf1+ 16. Rxf1 dxe5 17. Ndxe4 Nd5 18. c4 Nb6 19. Qc2 Qe7 20. Qf2 Nxc4 21. Qh4 Qe8 22. Ng3 Nd2 23. Rf2 h6 24. Rxd2 g6 25. N5e4 Rb8 26. Qf6+ Kh7 27. Nxh5 gxh5 28. Qf5+ Kh8 29. Nf6 Qf7 30. Rd7 Qf8 31. Qh7# 1-0

[Event "EYCC Girls-U10 2019"]
[Site "Bratislava"]
[Date "2019.08.03"]
[Round "2.5"]
[White "Horvathova, Hana"]
[Black "Sidorenja, Milena"]
[Result "1-0"]
[ECO "B30"]
[WhiteElo "1271"]
[BlackElo "1573"]
[Annotator "NA"]
[PlyCount "83"]
[EventDate "2019.08.02"]
[EventType "swiss"]
[EventCountry "SVK"]
[SourceTitle "playchess.com"]
[Source "ChessBase"]
[SourceQuality "1"]
[TimeControl "40/5400+30:1800+30"]

1. e4 c5 2. Nf3 Nc6 3. c3 Nf6 4. d3 e5 5. Bg5 Be7 6. Nbd2 d6 7. Nc4 O-O 8. Be2 b5 9. Ne3 h6 10. Bh4 Nh7 11. Bxe7 Qxe7 12. O-O a6 13. a3 Nf6 14. Nd2 Be6 15. Bg4 Nxg4 16. Nxg4 Qg5 17. Ne3 Ne7 18. Qf3 f5 19. Qg3 Qh5 20. Qf3 Qg6 21. exf5 Nxf5 22. Nxf5 Bxf5 23. Ne4 c4 24. Rfe1 Rae8 25. dxc4 bxc4 26. Ng3 e4 27. Qh5 Qe6 28. Nxf5 Rxf5 29. Qg4 Qe5 30. Re3 Ref8 31. Qxe4 Qc5 32. Rf3 Rxf3 33. gxf3 Rf5 34. Rd1 Rg5+ 35. Kf1 Re5 36. Qd4 Qc8 37. Qg4 Qxg4 38. fxg4 d5 39. Re1 Rg5 40. h3 Rg6 41. Re5 Rd6 42. Ke2 1-0

[Event "EYCC Girls-U10 2019"]
[Site "Bratislava"]
[Date "2019.08.03"]
[Round "2.6"]
[White "Kirtadze, Anastasia"]
[Black "Zadrapova, Amalie"]
[Result "1-0"]
[ECO "D30"]
[WhiteElo "1532"]
[BlackElo "1248"]
[Annotator "NA"]
[PlyCount "79"]
[EventDate "2019.08.02"]
[EventType "swiss"]
[EventCountry "SVK"]
[SourceTitle "playchess.com"]
[Source "ChessBase"]
[SourceQuality "1"]
[TimeControl "40/5400+30:1800+30"]

1. d4 d5 2. c4 e6 3. Nf3 Nf6 4. g3 a6 5. Bg2 dxc4 6. Ne5 Nbd7 7. Nxc4 Rb8 8. O-O b5 9. Na5 Rb6 10. Nc6 Rxc6 11. Bxc6 Be7 12. Nc3 O-O 13. Bg5 Nb6 14. Ne4 Nxe4 15. Bxe7 Qxe7 16. Bxe4 Rd8 17. Qc2 f5 18. Bg2 Rxd4 19. Rfd1 Rc4 20. Qd3 Kf7 21. b3 Rb4 22. a3 Rg4 23. Bf3 Rg6 24. Bh5 Bb7 25. Bxg6+ Kxg6 26. Qd8 Qf7 27. Rac1 Nd5 28. Rxd5 Bxd5 29. Rxc7 Qf6 30. Qxf6+ Kxf6 31. b4 Bc4 32. e3 h6 33. f4 g5 34. Kf2 h5 35. Ke1 Kg6 36. h4 g4 37. Rc6 Kf7 38. Rxa6 Ke7 39. Ra7+ Kf6 40. Kd2 1-0

[Event "EYCC Girls-U10 2019"]
[Site "Bratislava"]
[Date "2019.08.03"]
[Round "2.7"]
[White "Bagas, Ana"]
[Black "Shatil, Or"]
[Result "1-0"]
[ECO "B23"]
[WhiteElo "1442"]
[BlackElo "1185"]
[Annotator "NA"]
[PlyCount "97"]
[EventDate "2019.08.02"]
[EventType "swiss"]
[EventCountry "SVK"]
[SourceTitle "playchess.com"]
[Source "ChessBase"]
[SourceQuality "1"]
[TimeControl "40/5400+30:1800+30"]

1. e4 c5 2. Nc3 g6 3. g3 Bg7 4. Bg2 Nc6 5. d3 e6 6. Be3 b6 7. Nge2 Nge7 8. Qd2 d5 9. Bh6 O-O 10. h4 d4 11. Nd1 Bb7 12. h5 Ne5 13. hxg6 fxg6 14. Bxg7 Kxg7 15. Qh6+ Kf7 16. Qf4+ Ke8 17. Qxe5 Qd7 18. Bh3 Nf5 19. g4 Nh4 20. Qg3 Nf3+ 21. Kf1 Qf7 22. Bg2 Ng5 23. c3 dxc3 24. Nexc3 Ba6 25. Qe3 Qe7 26. b3 Rd8 27. Nb2 Qg7 28. Rc1 Qf7 29. e5 Qe7 30. Kg1 Rd4 31. f3 Rdf4 32. Rf1 Bb7 33. Ne4 Bxe4 34. dxe4 Qf7 35. Nd3 Nxf3+ 36. Bxf3 Rxf3 37. Rxf3 Qxf3 38. Qxf3 Rxf3 39. Nf2 Rf7 40. Kg2 a5 41. Kg3 b5 42. Nh3 c4 43. bxc4 bxc4 44. Rc1 Rc7 45. Ng5 h6 46. Nxe6 Re7 47. Nf4 g5 48. Nd5 Rxe5 49. Rxc4 1-0

[Event "EYCC Girls-U10 2019"]
[Site "Bratislava"]
[Date "2019.08.03"]
[Round "2.8"]
[White "Bendik, Margarita"]
[Black "Kusakina, Uliana"]
[Result "0-1"]
[ECO "C60"]
[WhiteElo "1188"]
[BlackElo "1364"]
[Annotator "NA"]
[PlyCount "52"]
[EventDate "2019.08.02"]
[EventType "swiss"]
[EventCountry "SVK"]
[SourceTitle "playchess.com"]
[Source "ChessBase"]
[SourceQuality "1"]
[TimeControl "40/5400+30:1800+30"]

1. e4 e5 2. Nf3 Nc6 3. Bb5 g6 4. Bxc6 dxc6 5. O-O Bg7 6. d3 Be6 7. Ng5 Qd7 8. Be3 h6 9. Nxe6 Qxe6 10. Nd2 Ne7 11. Nb3 b6 12. Qe2 c5 13. a4 O-O 14. Nd2 g5 15. Nb1 Ng6 16. g3 Qh3 17. Nc3 c6 18. a5 Nf4 19. gxf4 exf4 20. Bd2 f3 21. Qxf3 Qxf3 22. a6 f5 23. Rfe1 f4 24. Ne2 g4 25. Kf1 g3 26. Ra5 Qxf2# 0-1

[Event "EYCC Girls-U10 2019"]
[Site "Bratislava"]
[Date "2019.08.03"]
[Round "2.9"]
[White "Artissi, Sabina"]
[Black "Havaldova, Natalia"]
[Result "1-0"]
[ECO "A04"]
[WhiteElo "1419"]
[BlackElo "1160"]
[Annotator "NA"]
[PlyCount "43"]
[EventDate "2019.08.02"]
[EventType "swiss"]
[EventCountry "SVK"]
[SourceTitle "playchess.com"]
[Source "ChessBase"]
[SourceQuality "1"]
[TimeControl "40/5400+30:1800+30"]

1. Nf3 Nc6 2. d4 d5 3. c4 Nf6 4. Nc3 Bf5 5. Bf4 e6 6. e3 Bd6 7. Bg5 Bb4 8. Be2 O-O 9. O-O Kh8 10. Qb3 Bxc3 11. bxc3 b6 12. cxd5 Qxd5 13. Bxf6 Qxb3 14. Bxg7+ Kxg7 15. axb3 Kh8 16. b4 Rg8 17. Rfe1 Bh3 18. g3 Ne7 19. Bf1 Bg4 20. Bg2 Bxf3 21. Bxf3 c6 22. Ra3 1-0

[Event "EYCC Girls-U10 2019"]
[Site "Bratislava"]
[Date "2019.08.03"]
[Round "2.10"]
[White "Bursali, Ela"]
[Black "Goriachkina, Oksana"]
[Result "0-1"]
[ECO "B15"]
[WhiteElo "1197"]
[BlackElo "1417"]
[Annotator "NA"]
[PlyCount "78"]
[EventDate "2019.08.02"]
[EventType "swiss"]
[EventCountry "SVK"]
[SourceTitle "playchess.com"]
[Source "ChessBase"]
[SourceQuality "1"]
[TimeControl "40/5400+30:1800+30"]

1. e4 c6 2. d4 d5 3. Nc3 dxe4 4. Nxe4 Nf6 5. Nxf6+ exf6 6. c3 Bd6 7. Nf3 O-O 8. Be2 Be6 9. O-O Nd7 10. b3 Re8 11. h3 Nf8 12. c4 Qd7 13. h4 Bg4 14. Bb2 Qe7 15. Bd3 Ng6 16. g3 f5 17. Re1 Qc7 18. Rxe8+ Rxe8 19. Kg2 f4 20. c5 Be7 21. Bxg6 fxg6 22. Qd3 Bf6 23. Ne5 Bf5 24. Qd2 fxg3 25. fxg3 Rd8 26. Qf2 Bxe5 27. dxe5 Qa5 28. Bd4 Rf8 29. Qe2 Be6 30. Rc1 Qd8 31. Qb2 Qd5+ 32. Kh2 Qe4 33. Bc3 Qg4 34. Qg2 Bd5 35. Qd2 Rf3 36. Rg1 Qf5 37. Bd4 Be6 38. Qg2 Qg4 39. Bb2 Rf2 0-1

[Event "EYCC Girls-U10 2019"]
[Site "Bratislava"]
[Date "2019.08.04"]
[Round "3.1"]
[White "Hnatyshyn, Anastasiia"]
[Black "Stoll, Lucia"]
[Result "1-0"]
[ECO "C96"]
[WhiteElo "1380"]
[BlackElo "1403"]
[Annotator "NA"]
[PlyCount "137"]
[EventDate "2019.08.02"]
[EventType "swiss"]
[EventCountry "SVK"]
[SourceTitle "playchess.com"]
[Source "ChessBase"]
[SourceQuality "1"]
[TimeControl "40/5400+30:1800+30"]

1. e4 e5 2. Nf3 Nc6 3. Bb5 a6 4. Ba4 Nf6 5. O-O Be7 6. Re1 b5 7. Bb3 O-O 8. c3 d6 9. h3 Na5 10. Bc2 c5 11. d3 Bb7 12. Nbd2 Qc7 13. Nf1 Nc6 14. Ng3 Rfd8 15. Nf5 d5 16. Qe2 dxe4 17. dxe4 Rac8 18. Nh2 Ne8 19. Ng4 Bf8 20. Qf3 Nd6 21. Qg3 Kh8 22. Nxe5 Nxf5 23. exf5 Nxe5 24. Qxe5 Re8 25. Qxe8 Rxe8 26. Rxe8 Kg8 27. Be3 Qc6 28. Re4 Qf6 29. Rg4 Bd6 30. Rd1 h5 31. Rg5 Qe5 32. g3 f6 33. Rg6 Bc6 34. Kf1 Bc7 35. Bh6 Kh7 36. Bxg7 Bf3 37. Re1 Qd6 38. Bxf6 Bd8 39. Bxd8 Qxd8 40. f6 Qc8 41. Re7+ Kh8 42. Rh6+ Kg8 43. f7+ Kg7 44. Rg6+ Kf8 45. Re8+ Qxe8 46. fxe8=Q+ Kxe8 47. Rxa6 Kd7 48. Rb6 Bd5 49. Bb3 c4 50. Bd1 Bc6 51. Bxh5 Kc7 52. Rxc6+ Kxc6 53. g4 Kd6 54. f4 Ke6 55. Ke2 Kf6 56. Ke3 b4 57. g5+ Kg7 58. f5 b3 59. f6+ Kg8 60. axb3 cxb3 61. g6 Kf8 62. g7+ Kg8 63. Be8 Kh7 64. Ba4 Kg8 65. Bxb3+ Kh7 66. g8=Q+ Kh6 67. Qg7+ Kh5 68. Bd1+ Kh4 69. Qg4# 1-0